 Dungeon Crawl Stone Soup version 0.28-a0-691-gad6df49e81 (webtiles) character file.

Game seed: 14264699927159076451

109 voltaire321 the Skirmisher (level 4, -2/37 HPs)
             Began as a Demonspawn Fighter on Oct 21, 2021.
             Slain by Natasha (8 damage)
             ... on level 3 of the Dungeon.
             The game lasted 00:06:24 (2877 turns).

voltaire321 the Skirmisher (Demonspawn Fighter)     Turns: 2877, Time: 00:06:24

Health: -2/37      AC: 12    Str: 17    XL:     4   Next: 59%
Magic:  4/4        EV:  6    Int: 10    God:
Gold:   107        SH:  4    Dex: 12    Spells: 3/3 levels left

rFire   . . .      SeeInvis .   a - +0 war axe
rCold   . . .      Faith    .   c - +0 buckler
rNeg    . . .      Spirit   .   h - +0 chain mail
rPois   .          Reflect  .   (no helmet)
rElec   .          Harm     .   (no cloak)
rCorr   .          Rampage  .   (no gloves)
Will    .....                   (no boots)
Stlth   ..........              (no amulet)
HPRegen 0.12/turn               (no ring)
MPRegen 0.09/turn               (no ring)

@: no status effects
A: slimy green scales 2
a: no special abilities


You were on level 3 of the Dungeon.
You visited 1 branch of the dungeon, and saw 3 of its levels.

You collected 107 gold pieces.

Inventory:

Hand Weapons
 a - a +0 war axe (weapon)
Missiles
 e - 5 boomerangs (quivered)
 k - 15 poisoned darts
Armour
 c - a +0 buckler (worn)
 h - a +0 chain mail (worn)
Scrolls
 f - 2 scrolls of teleportation {unknown}
 j - a scroll of fog {unknown}
 m - a scroll of amnesia {unknown}
Potions
 b - a potion of degeneration {unknown}
 d - 2 potions of might
 g - 2 potions of cancellation {unknown}
 i - a potion of lignification {unknown}
 l - a potion of curing {unknown}
 n - a potion of magic {unknown}
 o - a potion of resistance {unknown}
 p - a potion of heal wounds {unknown}
 q - a potion of flight {unknown}
 r - a potion of mutation {unknown}


   Skills:
 + Level 3.7 Fighting
 + Level 2.6 Axes
 + Level 3.4 Armour
 + Level 3.4 Shields


You had 3 spell levels left.
You didn't know any spells.
Your spell library contained the following spells:

 Spells                   Type           Power      Damage    Failure   Level
 Airstrike                Air            0%         N/A       100%        4
 Summon Lightning Spire   Summ/Air       0%         N/A       100%        4
 Lightning Bolt           Conj/Air       0%         1d11      100%        5


Dungeon Overview and Level Annotations

Branches:
Dungeon (3/15)

Altars:

Shops:
D:1 !

Annotations:
D:3 Natasha


Innate Abilities, Weirdness & Mutations

You are mostly covered in slimy green scales. (AC +3)


Message History

You hit the iron imp but do no damage. You barely miss the goblin.
Natasha claws you but does no damage. You block the iron imp's attack.
The goblin hits you but does no damage.
You hit Natasha but do no damage.
Natasha is lightly wounded.
You hit the iron imp but do no damage. You slash the goblin!
You kill the goblin!
Natasha claws you. The iron imp hits you.
Natasha stares at you and mumbles some strange words.
The magic dart hits you.
You closely miss Natasha.
Natasha is lightly wounded.
You hit the iron imp. The iron imp barely misses you. Natasha claws you.
You slash Natasha!
Natasha is severely wounded.
You barely miss the iron imp. Natasha claws you but does no damage.
The iron imp hits you. Natasha claws you!
* * * LOW HITPOINT WARNING * * *
You closely miss Natasha.
Natasha is severely wounded.
You barely miss the iron imp.
The iron imp hits you but does no damage.
Natasha claws you.
* * * LOW HITPOINT WARNING * * *
Your chain mail prevents you from hitting Natasha.
Natasha is severely wounded.
You hit the iron imp but do no damage.
The iron imp hits you but does no damage.
Natasha claws you but does no damage.
The iron imp hits you but does no damage.
You hit Natasha.
Natasha is almost dead.
You hit the iron imp.
Natasha stares at you and mumbles some strange words.
The magic dart hits you but does no damage.
The iron imp barely misses you.
You closely miss Natasha.
Natasha is almost dead.
You hit the iron imp. Natasha claws you!
You die...

#.# ....... #......
#..##.# #..##.#
..#..##.# .
#.#..##h###..##
#.#..##@5.....# #
#.#.....).....# # #.
#.#.###..##..##
#.#.##.#...........#
#.............##..##
##......####†# #..#
####.### #.###.##
#.######.##...#
#............######
####


You could see an iron imp (summoned) and Natasha.

Vanquished Creatures
  5 adders (D:2)
  A worm (D:2)
  3 dart slugs
  An endoplasm (D:1)
  2 giant cockroaches
  6 hobgoblins
  2 quokkas
  6 ball pythons
  6 bats
  5 frilled lizards
  9 goblins
  8 kobolds
  4 rats
58 creatures vanquished.

Notes
Turn   | Place    | Note
-------+----------+-------------------------------------------
     0 | D:1      | voltaire321 the Demonspawn Fighter began the quest for the
                  | Orb.
     0 | D:1      | Reached XP level 1. HP: 18/18 MP: 1/1
   247 | D:1      | Gained mutation: You are partially covered in slimy green
                  | scales. (AC +2) [demonic ancestry]
   247 | D:1      | Reached XP level 2. HP: 18/24 MP: 2/2
   344 | D:1      | Found Xojax's Distillery.
   387 | D:1      | Found a faded altar of an unknown god.
   568 | D:1      | You fall into a shaft and drop 1 floor!
   703 | D:1      | Reached XP level 3. HP: 27/29 MP: 3/3
  1794 | D:2      | Gained mutation: You are mostly covered in slimy green
                  | scales. (AC +3) [demonic ancestry]
  1794 | D:2      | Reached XP level 4. HP: 27/35 MP: 4/4
  2863 | D:3      | Noticed Natasha
  2877 | D:3      | Slain by Natasha

Illustrated notes

Levels and vault maps discovered:
D:1:      minmay_arrival_diagonal_passages, layout_loops_corners,
          ebering_ecumenical_altar_rust, serial_shops, shop, minmay_tromino_v2
D:2:      layout_basic
D:3:      minmay_recursive_quarters, layout_loops_ring, bloody_makhleb,
          uniq_natasha, uniq_terence

Skill      XL: |  1  2 |
---------------+-------+-----
Axes           | 2 |  2.6
Armour         | 3 |  3.4
Shields        | 3 |  3.4
Fighting       | |  3.7

Action                   |  1- 3 |  4- 6 || total
-------------------------+-------+-------++-------
Melee: War axe           |   147 |    58 ||   205
Armor: Scale mail        |    13 |       ||    13
       Chain mail        |    94 |    38 ||   132
Dodge: Dodged            |    48 |    19 ||    67
Block: Buckler           |    37 |    12 ||    49

Table legend: (Time is in decaauts)
 A = Elapsed time spent in this place.
 B = Non-inter-level travel time spent in this place.
 C = Inter-level travel time spent in this place.
 D = Time resting spent in this place.
 E = Time spent auto-exploring this place.
 F = Levels seen in this place.
 G = Mean time per level.
                   A        B        C        D        E       F      G
               +--------+--------+--------+--------+--------+-----+--------+
         Total |   2960 |   2927 |     33 |      3 |   2344 |   3 |  986.7 |
       Dungeon |   2960 |   2927 |     33 |      3 |   2344 |   3 |  986.7 |
               +--------+--------+--------+--------+--------+-----+--------+

Top non-repeatable levels by time:
     D:2: 1493 daAuts
     D:1: 1243 daAuts
     D:3: 224 daAuts
